 Dungeon Crawl Stone Soup version 0.29.1-13-g9f3cf754e1 (webtiles) character file.

Game seed: 747266160841336122

216 nightchill the Ruffian (level 5, -2/53 HPs)
             Began as a Troll Fighter on Feb 5, 2023.
             Was an Initiate of Okawaru.
             Killed by divine providence
             ... invoked by an orc priest
              (15 damage)
             ... on level 4 of the Dungeon.
             The game lasted 00:03:57 (2369 turns).

nightchill the Ruffian (Troll Fighter)              Turns: 2369, Time: 00:03:57

Health: -2/53      AC:  4    Str: 26    XL:     5   Next: 61%
Magic:  4/4        EV:  8    Int:  4    God:    Okawaru [......]
Gold:   149        SH:  7    Dex:  9    Spells: 4/4 levels left

rFire   . . .      SeeInvis .     - Unarmed
rCold   . . .      Faith    .   b - +0 kite shield
rNeg    . . .      Spirit   .   a - +0 robe
rPois   .          Reflect  .   (helmet restricted)
rElec   .          Harm     .   (no cloak)
rCorr   .          Rampage  .   (gloves unavailable)
Will    .....                   (boots unavailable)
Stlth   +.........              (no amulet)
HPRegen 0.97/turn               (no ring)
MPRegen 0.09/turn               (no ring)

@: no status effects
A: large, unfitting armour, claws 3, regeneration 1, shaggy fur 1, tough skin 1
a: Renounce Religion


You were on level 4 of the Dungeon.
You worshipped Okawaru.
Okawaru was noncommittal.
You visited 1 branch of the dungeon, and saw 4 of its levels.

You collected 149 gold pieces.

Inventory:

Missiles
 h - 5 atropa-tipped darts (quivered)
 i - 6 poisoned darts
Armour
 a - a +0 robe (worn)
 b - a +0 kite shield (worn)
Scrolls
 d - 2 scrolls of amnesia {unknown}
 f - a scroll of enchant weapon {unknown}
 g - 2 scrolls of immolation {unknown}
 k - 3 scrolls of identify {unknown}
 l - 3 scrolls of vulnerability {unknown}
 m - a scroll of butterflies {unknown}
 n - a scroll of noise {unknown}
 o - 2 scrolls of enchant armour {unknown}
 p - a scroll of fear {unknown}
 q - a scroll of teleportation {unknown}
Potions
 c - a potion of might
 j - a potion of brilliance {unknown}


   Skills:
 + Level 3.5 Fighting
 - Level 2.4 Dodging
 - Level 2.6 Shields
 * Level 4.9 Unarmed Combat
 + Level 0.9 Invocations


You had 4 spell levels left.
You didn't know any spells.
Your spell library contained the following spells:

 Spells                   Type           Power      Damage    Failure   Level
 Sting                    Tmut/Pois      0%         1d3       80%         1
 Ensorcelled Hibernation  Hex/Ice        0%         N/A       91%         2
 Poisonous Vapours        Pois/Air       0%         N/A       91%         2
 Gell's Gravitas          Tloc           0%         N/A       99%         3
 Lesser Beckoning         Tloc           0%         N/A       99%         3
 Spider Form              Tmut/Pois      0%         N/A       99%         3
 Teleport Other           Tloc           0%         N/A       99%         3
 Anguish                  Hex/Necr       0%         N/A       100%        4
 Olgreb's Toxic Radiance  Pois           0%         N/A       100%        4


Dungeon Overview and Level Annotations

Branches:
Dungeon (4/15)
 Temple: D:4-7

Altars:
Okawaru
The Shining One


Innate Abilities, Weirdness & Mutations

You are too large for most types of armour.
You have claws for hands.
Your natural rate of healing is unusually fast.
You are covered in fur. (AC +1)
You have tough skin. (AC +1)


Message History

Things that are here:
a +0 dagger; a +0 leather armour; an orc corpse You barely miss the orc priest.
The orc priest hits you with a +0 hand axe.
* * * LOW HITPOINT WARNING * * *
You scratch the orc priest.
The orc priest is moderately wounded.
The orc priest hits you with a +0 hand axe.
* * * LOW HITPOINT WARNING * * *
The orc priest casts a cantrip, but nothing happens.
You feel better. You block the orc priest's attack.
You claw the orc priest!
The orc priest is severely wounded.
You block the orc priest's attack.
The orc priest looks encouraged for a moment.
You scratch the orc priest but do no damage.
The orc priest is severely wounded.
The orc priest hits you but does no damage.
You barely miss the orc priest.
The orc priest is severely wounded.
The orc priest mumbles some strange prayers to Beogh against you.
Beogh smites you!
* * * LOW HITPOINT WARNING * * *
The orc priest looks braver for a moment.
You feel better.
The orc priest hits you but does no damage.
You completely miss the orc priest.
The orc priest is severely wounded.
The orc priest hits you with a +0 hand axe.
* * * LOW HITPOINT WARNING * * *
You closely miss the orc priest.
The orc priest is severely wounded.
The orc priest calls down the wrath of Beogh upon you.
Pain shoots through your body!
* * * LOW HITPOINT WARNING * * *
You scratch the orc priest.
The orc priest is almost dead.
The orc priest mumbles some strange prayers to Beogh against you.
Beogh smites you!
You die...

#..#.##
#..#.#
#..#.#
###..#.#
#....#.#
#.#.##.#
#.#.....
#.####.#
#@# # #o#
.o. .....
.#...#.
#.#......
# #...#
## #####


You could see 2 orc priests.

Vanquished Creatures
  2 scorpions
  An adder (D:4)
  5 worms
  4 orcs
  5 ball pythons
  6 endoplasms
  3 giant cockroaches
  3 goblins
  5 hobgoblins
  7 jackals
  5 kobolds
  7 quokkas
  5 bats
  5 frilled lizards
  8 rats
71 creatures vanquished.

Notes
Turn   | Place    | Note
-------+----------+-------------------------------------------
     0 | D:1      | nightchill the Troll Fighter began the quest for the Orb.
     0 | D:1      | Reached XP level 1. HP: 22/22 MP: 0/0
    13 | D:1      | Noticed a minotaur skeleton
    53 | D:1      | Reached XP level 2. HP: 28/29 MP: 1/1
   179 | D:1      | Reached skill level 3 in Unarmed Combat
   355 | D:1      | Reached XP level 3. HP: 36/36 MP: 2/2
  1049 | D:2      | Found a faded altar of an unknown god.
  1658 | D:3      | Found a glowing golden altar of the Shining One.
  1675 | D:3      | Reached XP level 4. HP: 36/45 MP: 3/3
  1882 | D:3      | Noticed a scorpion
  1890 | D:3      | Killed a scorpion
  1891 | D:3      | Reached skill level 4 in Unarmed Combat
  1923 | D:3      | Reached XP level 5. HP: 53/53 MP: 4/4
  1941 | D:3      | Found an iron altar of Okawaru.
  1948 | D:3      | Became a worshipper of Warmaster Okawaru
  2204 | D:4      | Identified the +0 ring mail "Kosov" {Int+2}
  2369 | D:4      | Killed from afar by an orc priest

Illustrated notes

Levels and vault maps discovered:
D:1:      shiori_arrival_whats_in_store_for_you, layout_basic, serial_curves,
          eino_curves_04, eino_curves_01
D:2:      layout_basic, shapermc_ecumenical_altar_mp_highgroup
D:3:      layout_basic, mainiacjoe_overflow_six_doors_small, lemuel_tele_altar
D:4:      layout_loops_ring, lemuel_mausoleum_altar_yredelemnul,
          kennysheep_generic_room_9

Skill      XL: |  1  2  3  4 |
---------------+-------------+-----
Unarmed Combat | 3 4 |  4.9
Fighting       | 3 |  3.5
Dodging        | |  2.4
Shields        | |  2.6
Invocations    | |  0.9

Action                   |  1- 3 |  4- 6 || total
-------------------------+-------+-------++-------
Melee: Unarmed           |   132 |    65 ||   197
  Use: Potion            |       |     4 ||     4
 Stab: Sleeping          |     1 |     2 ||     3
Armor: Robe              |    37 |    13 ||    50
Dodge: Dodged            |    44 |    14 ||    58
Block: Kite shield       |    30 |    14 ||    44
